 Dungeon Crawl Stone Soup version 0.27.1-33-g824d729ab1 (webtiles) character file.

Game seed: 5149086858739345251

36 MisterFreud the Chopper (level 3, -1/31 HPs)
             Began as a Hill Orc Abyssal Knight on Dec 14, 2021.
             Was a Follower of Lugonu.
             Killed from afar by Sigmund (6 damage)
             ... with a magic dart
             ... on level 3 of the Dungeon.
             The game lasted 00:02:31 (2250 turns).

MisterFreud the Chopper (Hill Orc Abyssal Knight)   Turns: 2250, Time: 00:02:32

Health: -1/31      AC:  6    Str: 15    XL:     3   Next: 37%
Magic:  4/4        EV: 10    Int: 12    God:    Lugonu [*.....]
Gold:   57         SH:  3    Dex: 10    Spells: 2/2 levels left

rFire    . . .     SeeInvis .   a - +1 hand axe
rCold    . . .     Faith    .   i - +0 buckler
rNeg     . . .     Spirit   .   b - +0 leather armour
rPois    .         Reflect  .   l - +1 helmet
rElec    .         Harm     .   (no cloak)
rCorr    .         Rampage  .   (no gloves)
Will     .....                  j - +0 pair of boots
Stlth    +.........             (no amulet)
HPRegen  0.10/turn              (no ring)
MPRegen  0.09/turn              (no ring)

@: no status effects
A: no striking features
a: Renounce Religion, Depart the Abyss


You were on level 3 of the Dungeon.
You worshipped Lugonu.
Lugonu was aware of your devotion.
You visited 1 branch of the dungeon, and saw 3 of its levels.
You visited the Abyss 1 time.

You collected 57 gold pieces.

Inventory:

Hand Weapons
 a - a +1 hand axe (weapon)
Armour
 b - a +0 leather armour (worn)
 e - a +0 plate armour
 i - a +0 buckler (worn)
 j - a +0 pair of boots (worn)
 l - a +1 helmet (worn)
Scrolls
 c - a scroll of enchant weapon {unknown}
 g - 4 scrolls of teleportation {unknown}
 h - 2 scrolls of identify {unknown}
 m - a scroll of enchant armour {unknown}
 n - a scroll of vulnerability {unknown}
 o - a scroll of magic mapping {unknown}
Potions
 d - 2 potions of attraction {unknown}
 f - a potion of haste {unknown}


   Skills:
 - Level 3.6 Fighting
 + Level 4.5 Axes
 - Level 2.1 Armour
 - Level 0.7 Dodging
 + Level 1.2 Shields
 - Level 2.4 Invocations


You had 2 spell levels left.
You didn't know any spells.
Your spell library contained the following spells:

 Spells                   Type           Power      Damage    Failure   Level
 Sublimation of Blood     Necr           0%         N/A       65%         2
 Wereblood                Tmut           0%         N/A       65%         2
 Gell's Gravitas          Tloc           0%         N/A       86%         3
 Lesser Beckoning         Tloc           0%         N/A       86%         3
 Teleport Other           Tloc           0%         N/A       86%         3
 Summon Hydra             Summ           0%         N/A       100%        7


Dungeon Overview and Level Annotations

Branches:
Dungeon (3/15)

Altars:
Trog

Annotations:
D:3 Sigmund


Message History

Sigmund casts a spell at you.
You are confused.
You bump into the rock wall.
Sigmund closely misses you.
You miss Sigmund.
Sigmund flickers, as though insubstantial.
Sigmund hits you but does no damage.
You hit Sigmund.
Sigmund is lightly wounded.
Sigmund barely misses you.
You miss Sigmund.
Sigmund is lightly wounded.
You bump into the rock wall.
Sigmund hits you with a +0 scythe!
You bump into the rock wall.
Sigmund casts a spell at you. You resist with significant effort.
You're too confused to move!
You feel less confused. Sigmund barely misses you.
You hit Sigmund.
Sigmund is lightly wounded.
You hit Sigmund but do no damage.
Sigmund is lightly wounded.
Sigmund hits you with a +0 scythe.
You hit Sigmund.
Sigmund is moderately wounded.
Sigmund closely misses you.
You slash Sigmund!
Sigmund is heavily wounded.
Sigmund hits you with a +0 scythe!
You hit Sigmund but do no damage.
Sigmund is heavily wounded.
You hit Sigmund.
Sigmund is heavily wounded.
Sigmund hits you with a +0 scythe!
* * * LOW HITPOINT WARNING * * *
You closely miss Sigmund.
Sigmund is heavily wounded.
Sigmund points at you and mumbles some strange words.
The magic dart hits you.
You die...

#..#####..#
#+#
#.#.......#
#..##.._..#
#........##
###...####
#.......+
##.....##
#...#.#
#.#.#@#
#.#.#@#
#...#.#
#..##.# ..
... .. ..#
.(# #.#.


You could see Sigmund.

Vanquished Creatures
  An adder (D:2)
  A dart slug (D:3)
  3 ball pythons (D:1)
  A bat (D:1)
  2 giant cockroaches (D:1)
  3 goblins (D:1)
  A hobgoblin (D:3)
  3 quokkas
  3 frilled lizards (D:1)
  3 kobolds (D:1)
  5 rats
26 creatures vanquished.

Notes
Turn   | Place    | Note
-------+----------+-------------------------------------------
     0 | Abyss:1  | MisterFreud the Hill Orc Abyssal Knight began the quest for
                  | the Orb.
     0 | Abyss:1  | Reached XP level 1. HP: 19/19 MP: 2/2
    62 | Abyss:1  | Noticed a small abomination
    63 | D:1      | Escaped the Abyss
   196 | D:1      | Reached skill level 3 in Axes
   349 | D:1      | Found a faded altar of an unknown god.
   427 | D:1      | Reached XP level 2. HP: 23/26 MP: 3/3
   468 | D:1      | Reached * piety under Lugonu
   776 | D:1      | Reached skill level 4 in Axes
  1529 | D:2      | Reached skill level 1 in Shields
  1529 | D:2      | Reached XP level 3. HP: 15/31 MP: 4/4
  1685 | D:2      | Noticed an ogre
  2224 | D:3      | Found a bloodstained altar of Trog.
  2232 | D:3      | Noticed Sigmund
  2250 | D:3      | Killed from afar by Sigmund

Illustrated notes

Levels and vault maps discovered:
D:1:      ebering_hopf_link, layout_loops_corners,
          hellmonk_ecumenical_altar_run_dry
D:2:      layout_loops_corners, dk_vineyard_1
D:3:      layout_loops_corners, bloody_trog, evilmike_ruin_ashenzari,
          uniq_sigmund

Skill      XL: |  1  2 |
---------------+-------+-----
Axes           | 3 4 |  4.5
Shields        | 1 |  1.2
Fighting       | |  3.6
Armour         | |  2.1
Dodging        | |  0.7
Invocations    | |  2.4

Action                   || total
-------------------------++-------
Melee: Hand axe          ||   108
Throw: Throwing net      ||     1
Invok: Depart the Abyss  ||     1
Armor: Leather armour    ||    21
Dodge: Dodged            ||    58
Block: Buckler           ||     8
